 Dungeon Crawl Stone Soup version 0.23-b1-3-gdda8187c6f (webtiles) character file.

Game seed: 4016030782294081379

290727 megalastik the Slayer (level 21, -2/150 HPs)
             Began as a Formicid Fighter on Jan 31, 2019.
             Was the Champion of Hepliaklqana.
             Splashed by an acid blob's acid (3 damage)
             ... on level 5 of the Lair of Beasts.
             The game lasted 03:02:06 (35563 turns).

megalastik the Slayer (Formicid Fighter)           Turns: 35563, Time: 03:02:06

Health: -2/150     AC: 37    Str: 36    XL:     21   Next: 64%
Magic:  16/24      EV: 15    Int:  8    God:    Hepliaklqana [******]
Gold:   2822       SH:  0    Dex: 10    Spells: 27/33 levels left

rFire    + + +     SeeInvis +   h - +8 lajatang (vamp)
rCold    + + .     Gourm    .   r - +1 large shield
rNeg     + + +     Faith    .   k - +8 plate armour {rC+}
rPois    +         Spirit   .   (helmet unavailable)
rElec    .         Reflect  +   G - +0 cloak of the Crown {-Tele rCorr Int+4 Dex+2}
rCorr    +         Harm     .   e - +0 pair of gloves of Insurance {-Cast rF+ Regen+ Str+6 Int-3}
MR       +++..     NoCast   +   c - +2 pair of boots {run}
Stlth    ..........             q - +4 amulet of reflection
HPRegen  0.75/turn              i - ring "Athoiduo" {+Fly rPois rC+ SInv}
MPRegen  0.19/turn              D - ring "Gajudaor" {rF++ rN+++ EV+3 Stlth-}

@: confused, quick
A: permanent stasis, dig shafts and tunnels, four strong arms, reduced essence,
antennae 3, iridescent scales 1, clumsy 2, frail 1, low mp 2, magic resistance 1
}: 2/15 runes: decaying, serpentine
a: Dig, Shaft Self, Recall Ancestor, Ancestor Identity, Transference, Idealise,
Renounce Religion, Evoke Flight


You were on level 5 of the Lair of Beasts.
You worshipped Hepliaklqana.
Hepliaklqana was exalted by your worship.
You were not hungry.

You visited 8 branches of the dungeon, and saw 36 of its levels.
You also visited: Bailey.

You collected 4879 gold pieces.
You spent 2057 gold pieces at shops.

Inventory:

Hand Weapons
 d - the +8 quarterstaff of Debt {freeze, Str+2}
   (You acquired it on level 2 of the Lair of Beasts)

   It has been specially enchanted to freeze those struck by it, causing extra
   injury to most foes and up to half again as much damage against particularly
   susceptible opponents.
   It can also slow down cold-blooded creatures.
   It affects your strength (+2).
 h - a +8 vampiric lajatang (weapon)
 A - a +2 shortbow of freezing
Missiles
 b - 1065 arrows
 E - 351 bolts
Armour
 c - a +2 pair of boots of running (worn)
 e - the +0 pair of gloves of Insurance (worn) {-Cast rF+ Regen+ Str+6 Int-3}
   (You found it on level 9 of the Dungeon)

   It affects your strength (+6).
   It affects your intelligence (-3).
   It protects you from fire.
   It prevents spellcasting.
   It increases your rate of regeneration.
 k - a +8 plate armour of cold resistance (worn)
 r - a +1 large shield (worn)
 G - the +0 cloak of the Crown (worn) {-Tele rCorr Int+4 Dex+2}
   (You found it on level 8 of the Dungeon)

   It affects your intelligence (+4).
   It affects your dexterity (+2).
   It prevents most forms of teleportation.
   It provides partial protection from all sources of acid and corrosion.
Jewellery
 i - the ring "Athoiduo" (left hand) {+Fly rPois rC+ SInv}
   (You bought it in a shop on level 2 of the Orcish Mines)

   [ring of poison resistance]

   It protects you from cold.
   It protects you from poison.
   It lets you see invisible.
   It lets you fly.
 q - a +4 amulet of reflection (around neck)
 D - the ring "Gajudaor" (right hand) {rF++ rN+++ EV+3 Stlth-}
   (You found it on level 5 of the Lair of Beasts)

   [ring of evasion]

   It affects your evasion (+3).
   It greatly protects you from fire.
   It renders you almost immune to negative energy.
   It makes you less stealthy.
Wands
 u - a wand of scattershot (3)
 L - a wand of paralysis (6)
 S - a wand of iceblast (13)
Scrolls
 a - 7 scrolls of fog
 j - 2 scrolls of magic mapping
 o - 3 scrolls of fear
 t - 9 scrolls of amnesia
 K - 4 scrolls of identify
 M - 12 scrolls of remove curse
 N - 2 scrolls of acquirement
 P - 2 scrolls of silence
Potions
 g - 2 potions of resistance
 m - 3 potions of heal wounds
 p - 5 potions of flight
 v - 17 potions of curing
 x - 7 potions of brilliance
 z - 4 potions of mutation
 C - 4 potions of invisibility
 H - 3 potions of agility
 I - 3 potions of might
 J - 2 potions of magic
Miscellaneous
 l - a sack of spiders
Comestibles
 f - 56 rations


   Skills:
 + Level 21.8 Fighting
   Level 2.0 Axes
 - Level 14.0 Staves
 - Level 0.1 Bows
 + Level 21.0 Armour
 + Level 6.4 Dodging
 - Level 4.2 Stealth
 - Level 15.0 Shields
 * Level 6.8 Spellcasting
 * Level 7.5 Transmutations
 * Level 7.9 Earth Magic
 - Level 7.0 Invocations
 - Level 0.2 Evocations


You had 27 spell levels left.
You knew the following spells:

 Your Spells              Type           Power        Failure   Level  Hunger
a - Statue Form           Tmut/Erth      ###......    99%         6    #######

Your spell library contained the following spells:

 Spells                   Type           Power        Failure   Level  Hunger
 Beastly Appendage        Tmut           ##....       3%          1    None
 Sticks to Snakes         Tmut           ##......     4%          2    ##.....
 Petrify                  Tmut/Erth      ###.....     28%         4    ####...
 Spider Form              Tmut/Pois      #.........   41%         3    ###....
 Confusing Touch          Hex            #.....       56%         1    None
 Flame Tongue             Conj/Fire      #....        56%         1    None
 Freeze                   Ice            #...         56%         1    None
 Magic Dart               Conj           #...         56%         1    None
 Sting                    Conj/Pois      #...         56%         1    None
 Ignite Poison            Fire/Tmut/Pois #.......     58%         3    ###....
 Blade Hands              Tmut           ##........   65%         5    ######.
 Poisonous Vapours        Pois/Air       #.....       71%         2    ##.....
 Searing Ray              Conj           #.....       71%         2    ##.....
 Sublimation of Blood     Necr           #.........   71%         2    ##.....
 Throw Flame              Conj/Fire      #.....       71%         2    ##.....
 Throw Frost              Conj/Ice       #.....       71%         2    ##.....
 Leda's Liquefaction      Hex/Erth       #.........   78%         4    ####...
 Ice Form                 Ice/Tmut       #.......     82%         4    ####...
 Confuse                  Hex            #.......     90%         3    ###....
 Conjure Flame            Conj/Fire      #.......     90%         3    ###....
 Dazzling Spray           Conj/Hex       #.....       90%         3    ###....
 Gell's Gravitas          Tloc           #.........   90%         3    ###....
 Inner Flame              Hex/Fire       #.......     90%         3    ###....
 Mephitic Cloud           Conj/Pois/Air  #.......     90%         3    ###....
 Ozocubu's Armour         Chrm/Ice       #.......     90%         3    ###....
 Alistair's Intoxication  Tmut/Pois      #.......     99%         5    ######.
 Bolt of Magma            Conj/Fire/Erth #.........   99%         5    ######.
 Irradiate                Conj/Tmut      #.........   99%         5    ######.
 Yara's Violent Unravell  Hex/Tmut       #.........   99%         5    ######.
 Hydra Form               Tmut           ##........   99%         6    #######
 Force Lance              Conj/Tloc      #.......     100%        4    ####...
 Fulminant Prism          Conj/Hex       #.........   100%        4    ####...
 Iskenderun's Mystic Bla  Conj           #.......     100%        4    ####...
 Olgreb's Toxic Radiance  Pois           #.......     100%        4    ####...
 Sticky Flame             Conj/Fire      #.......     100%        4    ####...
 Summon Ice Beast         Ice/Summ       #.......     100%        4    ####...
 Throw Icicle             Conj/Ice       #.......     100%        4    ####...
 Fireball                 Conj/Fire      #.........   100%        5    ######.
 Iskenderun's Battlesphe  Conj/Chrm      #.......     100%        5    ######.
 Metabolic Englaciation   Hex/Ice        #.........   100%        5    ######.
 Venom Bolt               Conj/Pois      #.........   100%        5    ######.
 Freezing Cloud           Conj/Ice/Air   #.........   100%        6    #######
 Iron Shot                Conj/Erth      #.........   100%        6    #######
 Dragon Form              Tmut           ##........   100%        7    #######
 Orb of Destruction       Conj           #.........   100%        7    #######
 Ring of Flames           Chrm/Fire      #.........   100%        7    #######
 Spellforged Servitor     Conj/Summ      #.........   100%        7    #######
 Shatter                  Erth           ###.......   100%        9    #######


Dungeon Overview and Level Annotations

Branches:
Dungeon (15/15)            Temple (1/1) D:5            Lair (6/6) D:10
  Swamp (4/4) Lair:3        Snake (4/4) Lair:2        Slime (1/5) Lair:5
    Orc (2/2) D:9             Elf (3/3) Orc:2        Vaults (0/5) D:13
 Depths (0/5) D:15

Altars:
Ashenzari
Cheibriados
Dithmenos
Elyvilon
Fedhas
Gozag
Hepliaklqana
Kikubaaqudgha
Makhleb
Nemelex Xobeh
Okawaru
Qazlal
Ru
Sif Muna
Trog
Uskayaw
Vehumet
Wu Jian
Xom
Yredelemnul
Zin
The Shining One

Shops:
D:10 *   Orc:2 (*?=   Elf:1 [   Elf:2 *[}   Snake:2 (   Snake:3 (

Portals:
Trove: D:14 (give 8 potions of agility)


Innate Abilities, Weirdness & Mutations

You cannot be hasted, slowed, berserked, paralysed or teleported.
You can dig through walls and to a lower floor.
Your four strong arms can wield two-handed weapons with a shield.
You have a pair of large antennae on your head. (SInv)
Your life essence is reduced to manifest your ancestor. (-10% HP)
You are partially covered in iridescent scales. (AC +2)
You are very clumsy. (Dex -4)
You are frail. (-10% HP)
Your magical capacity is very low. (-20% MP)
You are resistant to hostile enchantments. (MR+)


Message History

You assume a fearsome visage.
The enormous slime creature looks frightened!
The large slime creature looks frightened!
The azure jelly looks frightened!
The large slime creature looks frightened!
The acid blob resists with almost no effort.
The enormous slime creature looks frightened!
The titanic slime creature looks frightened!
The golden eye easily resists.
The golden eye blinks!
You block the acid blob's attack.
The golden eye blinks!
The acid blob spits acid at you.
The splash of acid hits you but does no damage.
You are splashed with acid.
You resist.
* * * LOW HITPOINT WARNING * * *
The golden eye blinks at you.
You are confused.
The acid blob hits you!
* * * LOW HITPOINT WARNING * * *
You are splashed with acid.
You resist.
You die...

......###..###.# ###
.....#..##.#.#.####.###
....................P.##
.......................#
......>.....###....#..##
#...........# #..J##..##
#.........#.###...##..P#
#.............J.......##
####............@.....#
#..........J..J.J..####
##.......#.#JJG###..#.#
##......##....# #.?.##
##.....##....###...#
##...............##
#P.......P#......## ###
###......###......######
#.#
#.......###.#.......P.#


You could see an acid blob, an azure jelly (fleeing), a titanic slime creature
(fleeing), 2 enormous slime creatures, 2 large slime creatures and a golden eye.

Vanquished Creatures
  Asterion (Elf:2)
  A tentacled monstrosity (Swamp:2)
  2 deep elf blademasters (Elf:2)
  Agnes (Snake:4)
  3 thorn hunters (Swamp:4)
  The ghost of Matygoc the Slicer, an adept HaSk of Okawaru (Swamp:2)
  Donald (Elf:1)
  11 nagarajas
  Roxanne (D:15)
  A fire giant (D:15)
  5 deep elf sorcerers
  An orc warlord (Orc:1)
  A deep elf elementalist (Elf:3)
  An ironheart preserver (D:13)
  Azrael (D:15)
  5 deep elf annihilators
  3 deep elf demonologists
  4 deep elf death magi
  2 deep elf high priests (Elf:3)
  Fannar (D:11)
  Erolcha (D:13)
  4 naga warriors
  4 centaur warriors
  4 shambling mangroves
  24 anacondas
  A catoblepas (Lair:6)
  27 hydras
  13 two-headed ogres
  12 alligators
  2 ogre magi
  23 dancing weapons
  2 tengu warriors
  6 naga sharpshooters
  5 orc high priests
  9 death yaks
  4 shock serpents
  Nergalle (Lair:2)
  Sonja (Lair:6)
  9 deep elf knights
  3 skeletal warriors (D:14)
  A spriggan druid (Swamp:4)
  2 deep trolls (Orc:2)
  A sea snake (Snake:2)
  A wizard (Elf:3)
  8 swamp dragons
  10 deep elf archers
  Pikel (D:9)
  4 mana vipers
  22 ugly things
  4 naga ritualists
  An orc knight (Orc:2)
  4 orc sorcerers
  5 salamanders
  55 deep elf magi
  5 oklob plants
  A wolf spider zombie (D:15)
  A shining eye (Lair:5)
  6 cyclopes
  3 manticores
  36 black mambas
  Psyche (D:12)
  6 guardian serpents
  10 naga magi
  2 gargoyles
  16 spiny frogs
  An eye of devastation (D:12)
  2 kobold demonologists
  2 rime drakes
  2 komodo dragons
  An efreet (D:15)
  9 trolls
  5 polar bears
  A wind drake (shapeshifter) (D:14)
  6 tyrant leeches
  16 hornets
  5 hippogriffs
  16 slime creatures
  5 dream sheep
  11 blink frogs
  10 bog bodies
  22 flying skulls
  Sigmund (D:6)
  A water elemental (Elf:1)
  2 air elementals
  4 shadows
  17 spriggans
  3 humans
  A wraith (D:12)
  A golden eye (Lair:5)
  6 basilisks
  6 fire elementals
  40 yaks
  2 steam dragons (D:11)
  A hungry ghost (D:14)
  2 vampire mosquitoes (Swamp:3)
  16 swamp worms
  42 nagas
  An acid dragon (D:15)
  A soldier ant (D:14)
  6 wargs
  14 insubstantial wisps
  15 water moccasins
  14 swamp drakes
  10 porcupines
  8 black bears
  17 orc warriors
  3 sky beasts
  2 eyes of draining (D:14)
  3 ice beasts
  2 phantoms
  4 slaves (D:9)
  22 ogres
  5 boggarts
  16 centaurs
  22 wolves
  7 crocodiles
  Blork the orc (D:9)
  4 big kobolds
  9 bullfrogs
  A wyvern zombie (D:12)
  An earth elemental (Elf:1)
  A wyvern skeleton (D:12)
  2 hexers
  6 scorpions
  A water moccasin skeleton (D:4)
  9 wights
  2 howler monkeys
  3 centaur zombies
  3 crimson imps
  A spectral bullfrog (D:12)
  4 hounds
  6 jellies
  8 orc priests
  Crazy Yiuf (D:3)
  2 bullfrog zombies (D:12)
  A bullfrog skeleton (D:6)
  4 centaur skeletons
  4 iguanas
  Jessica (D:3)
  12 orc wizards
  7 worker ants
  A hound zombie (D:5)
  A hound skeleton (D:11)
  A howler monkey zombie (D:11)
  6 gnolls
  7 adders
  6 shadow imps
  An ooze (D:2)
  2 adder skeletons (D:7)
  5 worms
  3 dart slugs
  3 leopard geckos
  66 orcs
  12 bats
  7 giant cockroaches
  4 goblins
  8 hobgoblins
  22 jackals
  5 quokkas
  4 ball pythons
  5 frilled lizards
  2 jackal skeletons
  22 kobolds
  10 rats
  2 briar patches (Swamp:3)
  A plant (Lair:2)
1139 creatures vanquished.

Vanquished Creatures (collateral kills)
  Kirke (Lair:4)
  A thorn hunter (Swamp:3)
  A nagaraja (Snake:4)
  2 deep elf elementalists
  An ettin (Orc:2)
  Harold (D:10)
  4 hydras
  An ogre mage (Orc:2)
  3 anacondas
  An alligator (Swamp:2)
  A deep elf knight (Elf:2)
  An unseen horror (D:10)
  2 swamp dragons
  A deep elf archer (Elf:1)
  3 ugly things
  5 deep elf magi
  A cyclops (D:12)
  4 guardian serpents (Snake:4)
  2 centaur zombies
  3 black mambas
  4 naga magi
  A torpor snail (Lair:5)
  A spiny frog (Swamp:2)
  A polar bear (Lair:6)
  A tengu conjurer (D:14)
  2 bog bodies (Swamp:1)
  2 hornets
  5 blink frogs
  2 slime creatures
  A dream sheep (D:8)
  2 hippogriffs
  2 spriggans
  2 wyverns
  2 hogs (Lair:4)
  5 yaks
  2 steam dragons (D:6)
  A warg (Orc:2)
  2 insubstantial wisps (Swamp:2)
  4 nagas
  2 porcupines
  3 water moccasins
  2 swamp drakes (Swamp:4)
  An ice beast (D:8)
  An eye of draining (D:13)
  10 orc warriors
  5 black bears
  3 wolves (Lair:6)
  4 ogres
  4 crocodiles
  A big kobold (D:8)
  5 bullfrogs
  A wight (D:6)
  2 howler monkeys (D:10)
  A crimson imp (D:8)
  A quasit (D:13)
  2 jellies
  2 orc priests
  3 hounds
  3 iguanas
  2 orc wizards
  A killer bee zombie (D:6)
  2 gnolls (Orc:2)
  An adder zombie (D:5)
  2 adder skeletons (D:6)
  A leopard gecko (D:6)
  15 orcs
  A giant cockroach (D:6)
  6 jackals
  3 kobolds
  2 fungi (Lair:5)
  A plant (Swamp:2)
174 creatures vanquished.

Vanquished Creatures (others)
  A deep elf master archer (Elf:3)
  A deep elf annihilator (Elf:3)
  A dancing weapon (Elf:1)
  A naga sharpshooter (Snake:4)
  A guardian serpent (Snake:1)
  A hornet (Swamp:2)
  A tyrant leech (Swamp:3)
  A spriggan (Swamp:2)
  A basilisk (D:15)
  An insubstantial wisp (Swamp:1)
  14 centaurs
  40 hexers
  An ancestor (D:6)
  2 orcs
  A kobold (D:3)
  7 briar patches
  4 fungi
  15 plants
94 creatures vanquished.

Grand Total: 1407 creatures vanquished

Notes
Turn   | Place    | Note
-------+----------+-------------------------------------------
     0 | D:1      | megalastik the Formicid Fighter began the quest for the
                  | Orb.
     0 | D:1      | Reached XP level 1. HP: 18/18 MP: 1/1
   109 | D:1      | Reached XP level 2. HP: 24/24 MP: 2/2
   355 | D:1      | Reached XP level 3. HP: 21/30 MP: 3/3
   387 | D:1      | HP: 1/30 [gnoll/+0 halberd (4)]
  1254 | D:2      | Reached XP level 4. HP: 35/37 MP: 4/4
  1603 | D:2      | Found a faded altar of an unknown god.
  1818 | D:2      | Reached skill level 5 in Shields
  1818 | D:2      | Reached XP level 5. HP: 42/42 MP: 5/5
  1910 | D:3      | Noticed an ice beast
  1923 | D:3      | Killed an ice beast
  1973 | D:3      | Reached XP level 6. HP: 49/49 MP: 6/6
  2042 | D:3      | Found a sacrificial altar of Ru.
  2471 | D:3      | Found a runed translucent door.
  2472 | D:3      | Noticed Crazy Yiuf
  2495 | D:3      | Killed Crazy Yiuf
  2638 | D:3      | Noticed Jessica
  2641 | D:3      | Killed Jessica
  2706 | D:4      | Reached skill level 5 in Fighting
  2706 | D:4      | Reached XP level 7. HP: 56/56 MP: 7/7
  2919 | D:4      | Got a slimy whip
  2920 | D:4      | Identified the +3 whip of Gluttony {slash, MR+ SInv} (You
                  | found it on level 4 of the Dungeon)
  2969 | D:4      | Reached skill level 1 in Dodging
  3288 | D:5      | Entered Level 5 of the Dungeon
  3360 | D:5      | Found a staircase to the Ecumenical Temple.
  3369 | Temple   | Entered the Ecumenical Temple
  3606 | Temple   | Became a worshipper of Hepliaklqana the Forgotten
  3892 | D:5      | Found a bloodstained altar of Trog.
  3892 | D:5      | Found a basalt altar of Yredelemnul.
  3893 | D:5      | Found a shattered altar of Ashenzari.
  4103 | D:5      | Reached XP level 8. HP: 54/57 MP: 8/8
  4600 | D:6      | Noticed Sigmund
  4607 | D:6      | Killed Sigmund
  4607 | D:6      | Reached skill level 5 in Armour
  4755 | D:6      | Reached XP level 9. HP: 28/63 MP: 6/9
  4942 | D:6      | Reached skill level 10 in Shields
  5040 | D:6      | Found an opulent altar of Gozag.
  5040 | D:6      | Found a white marble altar of Elyvilon.
  5040 | D:6      | Found a blossoming altar of Fedhas.
  5203 | D:6      | Found a sparkling altar of Nemelex Xobeh.
  5483 | D:6      | Found a blossoming altar of Fedhas.
  5716 | D:7      | Reached * piety under Hepliaklqana
  6112 | D:7      | Found a hide-covered altar of Uskayaw.
  6114 | D:7      | Noticed a +0 hand axe
  6114 | D:7      | Noticed a +0 dagger
  6120 | D:7      | Reached ** piety under Hepliaklqana
  6822 | D:7      | Reached XP level 10. HP: 35/72 MP: 5/10
  6823 | D:7      | Remembered your ancestor Nebetia as a hexer
  7125 | D:8      | Found a flagged portal.
  7132 | Bailey   | Entered a bailey
  7717 | Bailey   | Reached skill level 1 in Stealth
  8246 | D:8      | Got a shimmering cloak
  8486 | D:8      | Noticed a two-headed hydra
  8501 | D:8      | Killed a two-headed hydra
  8501 | D:8      | Reached skill level 10 in Fighting
  8501 | D:8      | Reached XP level 11. HP: 62/81 MP: 8/11
  8727 | D:9      | Reached *** piety under Hepliaklqana
  8869 | D:9      | Found a staircase to the Orcish Mines.
  8950 | D:9      | Noticed Blork the orc
  8962 | D:9      | Killed Blork the orc
  8964 | D:9      | Identified the cursed +0 cloak of the Crown {-Tele rCorr
                  | Int+4 Dex+2} (You found it on level 8 of the Dungeon)
  8978 | D:9      | Found a deep blue altar of Sif Muna.
  9040 | D:9      | Got a pair of brightly glowing gloves
  9051 | D:9      | Identified the cursed +0 pair of gloves of Insurance {-Cast
                  | rF+ Regen+ Str+6 Int-3} (You found it on level 9 of the
                  | Dungeon)
  9212 | D:9      | Noticed Pikel
  9236 | D:9      | Killed Pikel
  9562 | D:10     | Entered Level 10 of the Dungeon
  9582 | D:10     | Noticed an unseen horror
  9603 | D:10     | Killed an unseen horror
  9691 | D:10     | Noticed a two-headed ogre
  9701 | D:10     | Killed a two-headed ogre
  9897 | D:10     | Reached skill level 15 in Shields
  9925 | D:10     | Found a staircase to the Lair.
  9939 | D:10     | Noticed Harold
  9955 | D:10     | Killed Harold
 10062 | D:10     | Found Nujefux's Assorted Antiques.
 10188 | Lair:1   | Entered Level 1 of the Lair of Beasts
 10260 | Lair:1   | Reached XP level 12. HP: 91/91 MP: 12/12
 10682 | Lair:1   | Reached **** piety under Hepliaklqana
 10707 | Lair:1   | Reached skill level 1 in Staves
 10782 | Lair:1   | Noticed an eight-headed hydra
 10794 | Lair:1   | Killed a nine-headed hydra
 11162 | Lair:2   | Noticed a death yak
 11184 | Lair:2   | Reached skill level 1 in Invocations
 11213 | Lair:2   | Killed a death yak
 11437 | Lair:2   | Noticed Nergalle
 11462 | Lair:2   | Killed Nergalle
 11462 | Lair:2   | Reached skill level 10 in Armour
 11771 | Lair:2   | Found a staircase to the Snake Pit.
 12195 | Lair:2   | Reached skill level 5 in Staves
 12204 | Lair:2   | Reached XP level 13. HP: 100/100 MP: 16/16
 12596 | Lair:3   | Noticed a five-headed hydra
 12604 | Lair:2   | Killed a five-headed hydra
 12764 | Lair:3   | Noticed a seven-headed hydra
 12776 | Lair:3   | Killed a seven-headed hydra
 13096 | Lair:3   | Reached skill level 5 in Invocations
 13186 | Lair:3   | Reached skill level 15 in Fighting
 13208 | Lair:3   | Found a staircase to the Swamp.
 13236 | Lair:3   | Noticed a seven-headed hydra
 13249 | Lair:3   | Killed a seven-headed hydra
 13252 | Lair:3   | Reached ***** piety under Hepliaklqana
 13879 | Lair:4   | Got a crude flail
 13880 | Lair:4   | Identified the cursed +0 flail of Untruth {freeze, rF+}
                  | (You found it on level 4 of the Lair of Beasts)
 14566 | Lair:4   | Reached XP level 14. HP: 111/112 MP: 18/18
 14836 | Lair:5   | Noticed Kirke
 15014 | Lair:4   | Killed Kirke
 15375 | Lair:5   | Found a staircase to the Slime Pits.
 15390 | Lair:5   | Got a bound jade ring
 15393 | Lair:5   | Identified the ring "Gajudaor" {rF++ rN+++ EV+3 Stlth-}
                  | (You found it on level 5 of the Lair of Beasts)
 15920 | Lair:6   | Entered Level 6 of the Lair of Beasts
 16035 | Lair:6   | Noticed Sonja
 16172 | Lair:6   | Killed Sonja
 17652 | Orc:1    | Entered Level 1 of the Orcish Mines
 17753 | Orc:2    | Entered Level 2 of the Orcish Mines
 17769 | Orc:2    | Reached XP level 15. HP: 114/120 MP: 20/20
 17777 | Orc:2    | Found a staircase to the Elven Halls.
 18043 | Orc:2    | Reached skill level 10 in Staves
 18151 | Orc:2    | Found Ofobaebbi's General Store.
 18152 | Orc:2    | Found Pyfas's Jewellery Boutique.
 18174 | Orc:2    | Found Axkyl's Antique Weapon Emporium.
 18200 | Orc:2    | Found Ygoa's Magic Scroll Shop.
 18279 | Orc:2    | Bought a scroll of magic mapping for 63 gold pieces
 18758 | Orc:1    | Noticed an orc warlord
 18810 | Orc:1    | Killed an orc warlord
 18986 | Orc:2    | Bought the ring "Athoiduo" {+Fly rPois rC+ SInv} for 564
                  | gold pieces
 19264 | D:11     | Noticed Fannar
 19292 | D:11     | Killed Fannar
 19343 | D:11     | Found a snail-covered altar of Cheibriados.
 19398 | D:11     | Found a huge runed translucent gate.
 19408 | D:11     | Found a huge runed translucent gate.
 19408 | D:11     | Found a huge runed translucent gate.
 19408 | D:11     | Found a huge runed translucent gate.
 19883 | D:11     | Reached XP level 16. HP: 126/126 MP: 21/21
 19974 | D:12     | Noticed Psyche
 19982 | D:12     | Killed Psyche
 20376 | D:12     | Found a transporter.
 20387 | D:12     | Found a transporter.
 20422 | D:12     | Got a bloodstained demon whip
 20423 | D:12     | Identified the cursed +3 demon whip of Hicaf {drain, *Rage
                  | +Inv rElec rPois} (You found it on level 12 of the Dungeon)
 20433 | D:12     | Got a smoking silver amulet
 20434 | D:12     | Identified the amulet "Umosa" {Gourm rC++ Str+3 Slay-3}
                  | (You found it on level 12 of the Dungeon)
 20723 | D:13     | Noticed Erolcha
 20730 | D:13     | Killed Erolcha
 20797 | D:13     | Reached skill level 15 in Armour
 21132 | D:13     | Found a gate to the Vaults.
 21632 | D:13     | Identified the +3 flail of Karma {drain, Str+2 Int+4 Dex+2
                  | Stlth+}
 21843 | D:13     | Gained mutation: Armour fits poorly on your strangely
                  | shaped body. [potion of mutation]
 21843 | D:13     | Gained mutation: You possess an exceptional clarity of
                  | mind. [potion of mutation]
 21844 | D:13     | Lost mutation: You possess an exceptional clarity of mind.
                  | [potion of mutation]
 21844 | D:13     | Lost mutation: Armour fits poorly on your strangely shaped
                  | body. [potion of mutation]
 21844 | D:13     | Gained mutation: Your magical capacity is low. (-10% MP)
                  | [potion of mutation]
 21844 | D:13     | Gained mutation: You are resistant to hostile enchantments.
                  | (MR+) [potion of mutation]
 21844 | D:13     | Gained mutation: You are clumsy. (Dex -2) [potion of
                  | mutation]
 21844 | D:13     | Gained mutation: You are partially covered in iridescent
                  | scales. (AC +2) [potion of mutation]
 22026 | D:14     | Found the +3 giant club "Skullcrusher" {speed, Str+7}
 22240 | D:14     | Found a portal to a secret trove of treasure.
 22291 | D:14     | Reached XP level 17. HP: 132/132 MP: 20/20
 22815 | D:15     | Entered Level 15 of the Dungeon
 22933 | D:15     | Found a shattered altar of Ashenzari.
 22980 | D:15     | Found a staircase to the Depths.
 23118 | D:15     | Noticed Azrael
 23169 | D:15     | Killed Azrael
 23414 | D:15     | Noticed Roxanne
 23532 | D:15     | Killed Roxanne
 23980 | Swamp:1  | Entered Level 1 of the Swamp
 24251 | Swamp:1  | Reached ****** piety under Hepliaklqana
 25096 | Swamp:2  | Noticed a tentacled monstrosity
 25107 | Swamp:2  | Killed a tentacled monstrosity
 25117 | Swamp:2  | Reached XP level 18. HP: 139/139 MP: 20/20
 25397 | Swamp:2  | Found a runed translucent gate.
 25397 | Swamp:2  | Found a runed translucent gate.
 25397 | Swamp:2  | Found a runed translucent gate.
 25398 | Swamp:2  | Noticed Matygoc's ghost (adept HaSk)
 25444 | Swamp:2  | HP: 3/139 [11-headed hydra (7)]
 25502 | Swamp:2  | Killed Matygoc's ghost
 25652 | Swamp:2  | Got a slimy lajatang
 25653 | Swamp:2  | Identified the +5 lajatang "Juhiriug" {drain, rN+} (You
                  | found it on level 2 of the Swamp)
 25654 | Swamp:2  | Identified a +2 pair of boots of running (You found it on
                  | level 2 of the Swamp)
 26661 | Swamp:4  | Entered Level 4 of the Swamp
 26783 | Swamp:4  | Reached skill level 5 in Dodging
 27091 | Swamp:4  | Got a decaying rune of Zot
 27598 | Snake:1  | Entered Level 1 of the Snake Pit
 27602 | Lair:2   | Identified 4 scrolls of acquirement
 27603 | Lair:2   | Got a pair of faintly glowing gloves
 27614 | Lair:2   | Identified the +0 pair of gloves of the Doge {rF++ MR+
                  | Int+2} (You acquired it on level 2 of the Lair of Beasts)
 27623 | Lair:2   | Got a twisted quarterstaff
 27624 | Lair:2   | Identified the +8 quarterstaff of Debt {freeze, Str+2} (You
                  | acquired it on level 2 of the Lair of Beasts)
 27650 | Snake:1  | Reached XP level 19. HP: 149/149 MP: 21/21
 27831 | Snake:1  | Learned a level 6 spell: Statue Form
 27845 | Snake:1  | Identified the +2 robe of the Crypt {rPois}
 28136 | Snake:2  | Reached skill level 1 in Spellcasting
 28174 | Snake:2  | Reached skill level 1 in Earth Magic
 28195 | Snake:2  | Reached skill level 1 in Transmutations
 28214 | Snake:2  | Found Wefiete's Antique Weapon Shoppe.
 28257 | Snake:2  | Found a runed translucent gate.
 28257 | Snake:2  | Found a runed translucent gate.
 28257 | Snake:2  | Found a runed translucent gate.
 29221 | Snake:3  | Found Yculor's Weapon Boutique.
 29418 | Snake:4  | Entered Level 4 of the Snake Pit
 29709 | Snake:4  | Reached XP level 20. HP: 148/158 MP: 23/23
 29916 | Snake:4  | Reached skill level 5 in Earth Magic
 29979 | Snake:4  | Found a shadowy altar of Dithmenos.
 30130 | Snake:4  | Noticed Agnes
 30139 | Snake:4  | Killed Agnes
 30139 | Snake:4  | Reached skill level 5 in Transmutations
 30311 | Snake:4  | Got a serpentine rune of Zot
 30922 | Elf:1    | Entered Level 1 of the Elven Halls
 30943 | Elf:1    | Noticed Donald
 30958 | Elf:1    | Killed Donald
 31312 | Elf:1    | Found Garhicw's Armour Shop.
 31503 | Elf:1    | Reached skill level 5 in Spellcasting
 31965 | Elf:2    | Found Kuitseck's Antique Armour Boutique.
 32012 | Elf:2    | Bought smoking fire dragon scales for 1430 gold pieces
 32012 | Elf:2    | Identified the +2 fire dragon scales "Baduroyl" {rPois rF++
                  | rC- Slay+3} (You bought it in a shop on level 2 of the
                  | Elven Halls)
 32037 | Elf:2    | Found Deynlir's General Store.
 32076 | Elf:2    | Identified the +7 falchion "Ximap" {flame, *Slow rElec rF+}
 32135 | Elf:2    | Found Jonlulof's Gadget Shop.
 32383 | Elf:2    | Found a huge runed translucent gate.
 32383 | Elf:2    | Found a huge runed translucent gate.
 32383 | Elf:2    | Found a huge runed translucent gate.
 32384 | Elf:2    | Found a huge runed translucent gate.
 32386 | Elf:2    | Found a huge runed translucent gate.
 32439 | Elf:2    | Noticed Asterion
 32454 | Elf:2    | Killed Asterion
 32542 | Elf:2    | Reached XP level 21. HP: 167/167 MP: 26/26
 32863 | Elf:3    | Entered Level 3 of the Elven Halls
 34004 | Elf:3    | Noticed a Brimstone Fiend
 34008 | Elf:3    | Noticed a Tzitzimitl
 35522 | Slime:1  | Entered Level 1 of the Pits of Slime
 35529 | Slime:1  | Gained mutation: Your magical capacity is very low. (-20%
                  | MP) [a shining eye]
 35540 | Lair:5   | Gained mutation: You are very clumsy. (Dex -4) [a shining
                  | eye]
 35543 | Lair:5   | Gained mutation: You are frail. (-10% HP) [a shining eye]
 35563 | Lair:5   | HP: 1/150 [acid blob (8)]
 35563 | Lair:5   | Splashed by an acid blob's acid

Skill      XL: |  1  2  3  4  5  6  7  8  9 10 11 12 13 14 15 16 17 18 19 20 21 |
---------------+----------------------------------------------------------------+-----
Shields        | 4 5 6 8 9 11 13 15 | 15.0
Fighting       | 4 5 6 7 10 11 13 16 17 19 20 21 | 21.8
Armour         | 4 5 6 7 9 10 11 13 14 16 19 20 21 | 21.0
Dodging        | 1 2 3 4 5 6 |  6.4
Stealth        | 1 4 |  4.2
Staves         | 5 7 8 12 14 | 14.0
Invocations    | 4 6 7 |  7.0
Spellcasting   | 3 5 6 |  6.8
Earth Magic    | 4 6 7 |  7.9
Transmutations | 4 6 7 |  7.5
Axes           | |  2.0
Bows           | |  0.1
Evocations     | |  0.2

Action                   |  1- 3 |  4- 6 |  7- 9 | 10-12 | 13-15 | 16-18 | 19-21 || total
-------------------------+-------+-------+-------+-------+-------+-------+-------++-------
Melee: War axe           |   128 |   179 |       |       |       |       |       ||   307
       Quarterstaff      |       |     7 |    59 |       |       |       |       ||    66
       Whip              |       |       |   287 |   651 |  1144 |       |       ||  2082
       Lajatang          |       |       |       |     8 |   454 |  1384 |  1061 ||  2907
       Unarmed           |       |       |       |       |     7 |       |       ||     7
       Flail             |       |       |       |       |       |    65 |       ||    65
 Fire: Shortbow          |       |       |       |    62 |       |    45 |       ||   107
       Longbow           |       |       |       |    23 |     5 |       |       ||    28
Throw: Stone             |       |    49 |       |     5 |     4 |       |       ||    58
Invok: Recall Ancestor   |       |       |     1 |       |       |       |     1 ||     2
       Ancestor Life: He |       |       |       |     1 |       |       |       ||     1
       Transference      |       |       |       |     1 |     8 |     2 |     6 ||    17
       Idealise          |       |       |       |       |     1 |       |     4 ||     5
 Abil: Dig               |       |       |     1 |     3 |     8 |       |     3 ||    15
       Evoke Flight      |       |       |       |       |       |     1 |     2 ||     3
Evoke: Wand              |       |       |       |     2 |       |       |       ||     2
  Use: Scroll            |       |       |    15 |     8 |     8 |    14 |    12 ||    57
       Potion            |       |       |     1 |     3 |       |    10 |     1 ||    15
 Stab: Distracted        |       |       |       |     8 |    14 |     8 |     6 ||    36
       Confused          |       |       |       |     8 |    13 |     9 |    32 ||    62
       Paralysed         |       |       |       |       |     3 |    36 |    14 ||    53
  Eat: Chunk             |       |     6 |    11 |    15 |    23 |    20 |    14 ||    89
       Ration            |       |       |     1 |     2 |     3 |     5 |     4 ||    15
Armor: Scale mail        |    11 |       |       |       |       |       |       ||    11
       Chain mail        |    71 |    73 |   119 |    12 |       |       |       ||   275
       Plate armour      |       |       |       |   106 |   299 |   731 |   251 ||  1387
Dodge: Dodged            |    25 |    23 |    58 |    66 |   266 |   585 |   252 ||  1275
Block: Shield            |    60 |       |       |       |       |       |       ||    60
       Large shield      |    49 |   251 |   409 |   654 |  1729 |  1705 |  1163 ||  5960
       Reflection        |     1 |    11 |     8 |    47 |    26 |    80 |    95 ||   268
